BOSTON vs MONTREAL

Created - January 18, 2021 at 07:03

Goals
1 2 3 T
BOSTON 1 0 2 3
MONTREAL 1 0 0 1
Shots
1 2 3 T
BOSTON 9 7 16 32
MONTREAL 6 14 7 27

1st period

1. MONTREAL , Tomas Tatar 5 (Phillip Danault 9, Nino Niederreiter 2) at 6:56
2. BOSTON , Ivan Barbashev 1 (Juuso Valimaki 3, Philippe Myers 2) at 14:16

Penalties :
Blake Comeau (BOS) for Holding (Minor) at 0:27, Filip Hronek (BOS) for Roughing (Double Minor) at 19:59

2nd period

No Goal

Penalties :
Keith Yandle (MON) for Hooking (Minor) at 5:43, Max Pacioretty (MON) for High sticking (Minor) at 13:46, Kevin Fiala (BOS) for Holding (Minor) at 16:10

3rd period

3. BOSTON , Casey Mittelstadt 1 (Miles Wood 1, Alec Martinez 4) at 10:48
4. BOSTON , Reilly Smith 3 (Kevin Fiala 4, William Nylander 8) at 19:16 (Empty Net)

Penalties :
Max Pacioretty (MON) for Hooking (Minor) at 3:58, Vincent Trocheck (MON) for Hooking (Minor) at 6:57, Max Pacioretty (MON) for Hooking (Minor) at 16:43

Goalie Stats

Martin Jones (BOS), 26 saves from 27 shots - (0.963), W, 5-4-0, 60:00 minutes
Robin Lehner (MON), 29 saves from 31 shots - (0.935), L, 5-3-1, 59:48 minutes

Players Stats for BOSTON

Player Name              G  A  P  +/- PIM S  H  SB GA TA FO     MP     PP MP  PK MP  
------------------------------------------------------------------------------------
Alec Martinez            0  1  1   1  0   0  0  2  0  0  0/0    22:06   4:15   3:37 
Aleksi Saarela           0  0  0   0  0   0  0  0  0  0  0/0     0:41   0:41   0:00 
Alexandre Texier         0  0  0   0  0   0  1  0  0  0  3/6     7:43   0:00   0:00 
Andrew Mangiapane        0  0  0   0  0   0  0  0  0  0  1/1     7:43   0:00   0:00 
Blake Comeau             0  0  0   1  2   2  1  1  0  0  0/0    16:29   4:19   0:00 
Casey Mittelstadt        1  0  1   1  0   2  0  0  0  0  5/9     9:35   0:00   0:00 
Filip Hronek             0  0  0   1  4   3  4  0  0  0  0/0    20:13   4:15   1:45 
Filip Zadina             0  0  0   0  0   0  0  0  0  0  0/0     7:43   0:00   0:00 
Ilya Kovalchuk           0  0  0   1  0   1  1  0  0  0  0/1    19:52   4:19   3:22 
Ivan Barbashev           1  0  1   1  0   4  0  0  0  0  12/19  16:30   4:19   0:00 
Ivan Provorov            0  0  0   0  0   6  3  2  0  0  0/0    26:17   5:40   4:20 
Juuso Valimaki           0  1  1   1  0   0  1  3  0  0  0/0    13:29   0:00   1:52 
Kevin Fiala              0  1  1   0  2   2  2  0  0  0  0/2    20:11   4:55   2:38 
Miles Wood               0  1  1   1  0   1  1  0  0  0  0/0    10:19   0:00   0:44 
Miro Heiskanen           0  0  0   0  0   2  1  2  0  0  0/0    26:17   5:40   4:20 
Nicolas Roy              0  0  0   0  0   0  0  0  0  0  0/1     0:41   0:41   0:00 
Philippe Myers           0  1  1   1  0   0  5  2  0  0  0/0    11:37   0:00   0:00 
Reilly Smith             1  0  1   0  0   1  2  0  0  0  4/12   22:09   4:55   4:35 
Victor Olofsson          0  0  0   1  0   2  0  0  0  0  0/1    10:16   0:41   0:00 
William Nylander         0  1  1   0  0   6  0  0  0  0  15/28  22:09   4:55   4:35 

Players Stats for MONTREAL

Player Name              G  A  P  +/- PIM S  H  SB GA TA FO     MP     PP MP  PK MP  
------------------------------------------------------------------------------------
Alex Iafallo             0  0  0   0  0   0  0  1  0  0  0/2    15:23   0:00   0:00 
Brock McGinn             0  0  0   0  0   1  0  1  0  0  0/1    10:28   0:00   5:34 
Connor Murphy            0  0  0  -1  0   0  3  2  0  0  0/0    18:23   0:00   4:45 
Erik Gustafsson          0  0  0   1  0   1  2  2  0  0  0/0    20:44   3:36   5:10 
Joel Armia               0  0  0   0  0   1  0  0  0  0  0/1    12:51   0:00   2:52 
Keith Yandle             0  0  0  -1  2   1  2  1  0  0  0/0    17:58   4:21   0:00 
Mark Jankowski           0  0  0   0  0   0  0  0  0  0  3/5     6:23   0:00   1:29 
Max Pacioretty           0  0  0  -1  6   4  5  1  0  0  0/0    20:18   3:56   0:54 
Nathan Beaulieu          0  0  0   1  0   0  4  0  0  0  0/0    17:08   0:00   5:10 
Nathan MacKinnon         0  0  0  -1  0   4  0  1  0  0  6/20   19:27   3:56   0:00 
Nino Niederreiter        0  1  1  -1  0   0  1  0  0  0  0/1    11:44   0:00   0:00 
P.K. Subban              0  0  0  -2  0   2  5  2  0  0  0/0    24:53   3:36   4:45 
Phillip Danault          0  1  1  -1  0   1  0  0  0  0  22/33  21:56   4:01   6:11 
Roope Hintz              0  0  0   0  0   5  0  0  0  0  1/1    14:00   4:01   0:00 
Tomas Tatar              1  0  1  -2  0   2  1  0  0  0  0/0    15:48   3:56   0:00 
Tony DeAngelo            0  0  0  -2  0   2  2  0  0  0  0/0    20:53   4:21   0:00 
Vincent Trocheck         0  0  0   0  2   3  2  0  0  0  8/16   16:11   4:01   2:12 
Wayne Simmonds           0  0  0   0  0   0  0  1  0  0  0/0     5:32   0:00   0:38 

3 Stars

1 - Martin Jones (BOS)
2 - Philippe Myers (BOS)
3 - Reilly Smith (BOS)

Power Play

BOSTON - 0 on 5 Attempt(s) - 0.00%
MONTREAL - 0 on 4 Attempt(s) - 0.00%

Penalty Kill

BOSTON - 4 on 4 Attempt(s) - 100.00% - Score 0 goal in Penalty Kill
MONTREAL - 5 on 5 Attempt(s) - 100.00% - Score 0 goal in Penalty Kill

Team Stat

BOSTON - Hits : 22 - Faceoff Wins : 40 - Blocked Shots : 12 - Penalty Minutes : 8
MONTREAL - Hits : 27 - Faceoff Wins : 40 - Blocked Shots : 12 - Penalty Minutes : 10

Official

Referees : Peter MacDougall and Mike Duco
Linesman : Brian Mach and Brandon Gawryletz

Game Notes

Reilly Smith has scored in a empty net!

Finance

Level 1 -- Attendance: 4263 (71.05%) -- Ticket Income $426,300
Level 2 -- Attendance: 3518 (70.36%) -- Ticket Income $211,080
Level 3 -- Attendance: 1854 (92.70%) -- Ticket Income $64,890
Level 4 -- Attendance: 3580 (89.50%) -- Ticket Income $71,600
Luxury Box -- Attendance: 661 (66.10%) -- Ticket Income $132,200
Game was played at the Bell Centre.
Total Attendance: 13876 (77.09%)
Total Ticket Income: $906,070
Total Income: $906,070

BOSTON

5 vs 5 Forward 
   Center                   Left Wing                Right Wing               Time % Phy DF OF 
 1 William Nylander         Reilly Smith             Kevin Fiala              35     1   2  2  
 2 Ivan Barbashev           Ilya Kovalchuk           Blake Comeau             30     1   2  2  
 3 Casey Mittelstadt        Miles Wood               Victor Olofsson          25     1   2  2  
 4 Alexandre Texier         Andrew Mangiapane        Filip Zadina             10     1   2  2  

5 vs 5 Defense 
   Defense                  Defense                                           Time % Phy DF OF 
 1 Ivan Provorov            Miro Heiskanen                                    35     1   2  2  
 2 Alec Martinez            Filip Hronek                                      30     1   2  2  
 3 Philippe Myers           Juuso Valimaki                                    25     1   2  2  
 4 Ivan Provorov            Miro Heiskanen                                    10     1   2  2  

PowerPlay Forward 
   Center                   Left Wing                Right Wing               Time % Phy DF OF 
 1 William Nylander         Reilly Smith             Kevin Fiala              60     1   2  2  
 2 Ivan Barbashev           Ilya Kovalchuk           Blake Comeau             40     1   2  2  

PowerPlay Defense
   Defense                  Defense                                           Time % Phy DF OF 
 1 Ivan Provorov            Miro Heiskanen                                    60     1   2  2  
 2 Alec Martinez            Filip Hronek                                      40     1   2  2  

Penalty Kill 4 Players Forward 
   Center                   Wing                     Time % Phy DF OF 
 1 Reilly Smith             William Nylander         60     1   2  2  
 2 Kevin Fiala              Ilya Kovalchuk           40     1   2  2  

Penalty Kill 4 Players Defense
   Defense                  Defense                  Time % Phy DF OF 
 1 Ivan Provorov            Miro Heiskanen           60     1   2  2  
 2 Alec Martinez            Filip Hronek             40     1   2  2  

Penalty Kill - 3 Players Forward 
   Forward                                           Time % Phy DF OF 
 1 Reilly Smith                                      60     1   2  2  
 2 William Nylander                                  40     1   2  2  

Penalty Kill - 3 Players Defense
   Defense                  Defense                  Time % Phy DF OF 
 1 Ivan Provorov            Miro Heiskanen           60     1   2  2  
 2 Alec Martinez            Filip Hronek             40     1   2  2  

4 vs 4 Forward 
   Center                   Wing                     Time % Phy DF OF 
 1 Reilly Smith             William Nylander         60     1   2  2  
 2 Kevin Fiala              Ilya Kovalchuk           40     1   2  2  

4 vs 4 Defense
   Defense                  Defense                  Time % Phy DF OF 
 1 Ivan Provorov            Miro Heiskanen           60     1   2  2  
 2 Alec Martinez            Filip Hronek             40     1   2  2  

Last Minutes Offensive
   Center                   Left Wing                Right Wing               Defense                  Defense                  
   William Nylander         Reilly Smith             Kevin Fiala              Ivan Provorov            Miro Heiskanen           

Last Minutes Defensive
   Center                   Left Wing                Right Wing               Defense                  Defense                  
   William Nylander         Reilly Smith             Kevin Fiala              Ivan Provorov            Miro Heiskanen           

Goaltenders
Starting : Martin Jones             
Backup : Thatcher Demko           

Extra Forwards
Normal : Nicolas Roy, Aleksi Saarela, Miles Wood - PP : Nicolas Roy, Aleksi Saarela - PK : Miles Wood
Extra Defensemen
Normal : Philippe Myers, Juuso Valimaki, Alec Martinez - PP : Philippe Myers - PK : Juuso Valimaki, Alec Martinez
Penalty Shots
Reilly Smith, William Nylander, Kevin Fiala, Ilya Kovalchuk, Blake Comeau

Scratches
BOS Cap Hit (Suspend), Robert Hagg (Healthy), Charlie Lindgren (Healthy)

MONTREAL

5 vs 5 Forward 
   Center                   Left Wing                Right Wing               Time % Phy DF OF 
 1 Nathan MacKinnon         Max Pacioretty           Alex Iafallo             35     0   1  4  
 2 Phillip Danault          Tomas Tatar              Nino Niederreiter        30     0   2  3  
 3 Vincent Trocheck         Roope Hintz              Joel Armia               25     1   2  2  
 4 Mark Jankowski           Brock McGinn             Wayne Simmonds           10     1   3  1  

5 vs 5 Defense 
   Defense                  Defense                                           Time % Phy DF OF 
 1 P.K. Subban              Tony DeAngelo                                     37     0   2  3  
 2 Keith Yandle             Connor Murphy                                     32     0   2  3  
 3 Erik Gustafsson          Nathan Beaulieu                                   25     1   2  2  
 4 P.K. Subban              Tony DeAngelo                                     6      0   3  2  

PowerPlay Forward 
   Center                   Left Wing                Right Wing               Time % Phy DF OF 
 1 Nathan MacKinnon         Max Pacioretty           Tomas Tatar              60     0   1  4  
 2 Phillip Danault          Roope Hintz              Vincent Trocheck         40     0   1  4  

PowerPlay Defense
   Defense                  Defense                                           Time % Phy DF OF 
 1 Keith Yandle             Tony DeAngelo                                     60     0   2  3  
 2 P.K. Subban              Erik Gustafsson                                   40     0   2  3  

Penalty Kill 4 Players Forward 
   Center                   Wing                     Time % Phy DF OF 
 1 Phillip Danault          Brock McGinn             60     0   4  1  
 2 Vincent Trocheck         Joel Armia               40     0   4  1  

Penalty Kill 4 Players Defense
   Defense                  Defense                  Time % Phy DF OF 
 1 Connor Murphy            P.K. Subban              60     1   3  1  
 2 Erik Gustafsson          Nathan Beaulieu          40     1   3  1  

Penalty Kill - 3 Players Forward 
   Forward                                           Time % Phy DF OF 
 1 Phillip Danault                                   60     0   5  0  
 2 Vincent Trocheck                                  40     0   5  0  

Penalty Kill - 3 Players Defense
   Defense                  Defense                  Time % Phy DF OF 
 1 Connor Murphy            P.K. Subban              60     1   4  0  
 2 Erik Gustafsson          Nathan Beaulieu          40     1   4  0  

4 vs 4 Forward 
   Center                   Wing                     Time % Phy DF OF 
 1 Nathan MacKinnon         Max Pacioretty           60     0   1  4  
 2 Vincent Trocheck         Tomas Tatar              40     0   2  3  

4 vs 4 Defense
   Defense                  Defense                  Time % Phy DF OF 
 1 Tony DeAngelo            P.K. Subban              60     0   2  3  
 2 Erik Gustafsson          Connor Murphy            40     1   2  2  

Last Minutes Offensive
   Center                   Left Wing                Right Wing               Defense                  Defense                  
   Nathan MacKinnon         Tomas Tatar              Max Pacioretty           Tony DeAngelo            P.K. Subban              

Last Minutes Defensive
   Center                   Left Wing                Right Wing               Defense                  Defense                  
   Phillip Danault          Brock McGinn             Vincent Trocheck         P.K. Subban              Connor Murphy            

Goaltenders
Starting : Robin Lehner             
Backup : Thomas Greiss            

Extra Forwards
Normal : Nathan MacKinnon, Max Pacioretty, Roope Hintz - PP : Alex Iafallo, Roope Hintz - PK : Brock McGinn
Extra Defensemen
Normal : Tony DeAngelo, P.K. Subban, Keith Yandle - PP : Tony DeAngelo - PK : Connor Murphy, P.K. Subban
Penalty Shots
Nathan MacKinnon, Max Pacioretty, Tomas Tatar, Roope Hintz, Vincent Trocheck

Scratches
MTL Cap Hit (Suspend)

% Time on Ice - BOSTON

Lines # - Real PCT - Wanted PCT - Time Play
Normal Forward
1 - 30% - 35% - 12:31
2 - 29% - 30% - 12:11
3 - 23% - 25% - 9:35
4 - 18% - 10% - 7:43
Normal Defense
1 - 35% - 35% - 14:52
2 - 34% - 30% - 14:14
3 - 28% - 25% - 11:37
4 - 3% - 10% - 1:17
PP Forward
1 - 56% - 60% - 5:36
2 - 44% - 40% - 4:19
PP Defense
1 - 57% - 60% - 5:40
2 - 43% - 40% - 4:15
PK Forward
1 - 58% - 60% - 4:35
2 - 42% - 40% - 3:22
PK Defense
1 - 55% - 60% - 4:20
2 - 45% - 40% - 3:37
PK3 Forward
1 - 0% - 60%
2 - 0% - 40%
PK3 Defense
1 - 0% - 60%
2 - 0% - 40%
44 Forward
1 - 0% - 60%
2 - 0% - 40%
44 Defense
1 - 0% - 60%
2 - 0% - 40%
Last Minute Offensive  - 0:00
Last Minute Defensive  - 0:08
Total
Forward - 60:00
Defense - 60:00

% Time on Ice - MONTREAL

Lines # - Real PCT - Wanted PCT - Time Play
Normal Forward
1 - 37% - 35% - 15:23
2 - 28% - 30% - 11:44
3 - 24% - 25% - 9:59
4 - 12% - 10% - 4:54
Normal Defense
1 - 39% - 37% - 16:24
2 - 32% - 32% - 13:38
3 - 28% - 25% - 11:58
4 - 0% - 6% - 0:00
PP Forward
1 - 49% - 60% - 3:56
2 - 51% - 40% - 4:01
PP Defense
1 - 55% - 60% - 4:21
2 - 45% - 40% - 3:36
PK Forward
1 - 71% - 60% - 7:03
2 - 29% - 40% - 2:52
PK Defense
1 - 48% - 60% - 4:45
2 - 52% - 40% - 5:10
PK3 Forward
1 - 0% - 60%
2 - 0% - 40%
PK3 Defense
1 - 0% - 60%
2 - 0% - 40%
44 Forward
1 - 0% - 60%
2 - 0% - 40%
44 Defense
1 - 0% - 60%
2 - 0% - 40%
Last Minute Offensive  - 0:08
Last Minute Defensive  - 0:00
Total
Forward - 60:00
Defense - 60:00

Play-by-Play

1st period


0:01 of 1st period - William Nylander wins face-off versus Nathan MacKinnon in neutral zone.
0:16 of 1st period - Max Pacioretty is hit by Ivan Provorov and loses puck.
0:23 of 1st period - Shot by Kevin Fiala.
0:23 of 1st period - Stopped by Robin Lehner without a rebound.
0:24 of 1st period - Phillip Danault wins face-off versus Ivan Barbashev in MONTREAL zone.
0:24 of 1st period - Phillip Danault is hit by Blake Comeau.
0:27 of 1st period - Minor Penalty to Blake Comeau for Holding.
0:28 of 1st period - Phillip Danault wins face-off versus Reilly Smith in BOSTON zone.
1:48 of 1st period - William Nylander is hit by Max Pacioretty and loses puck.
2:21 of 1st period - Shot by Roope Hintz.
2:21 of 1st period - Shot Misses the Net.
2:23 of 1st period - Shot by Vincent Trocheck.
2:23 of 1st period - Shot Blocked by Alec Martinez.
2:25 of 1st period - Shot by Phillip Danault.
2:25 of 1st period - Shot Misses the Net.
2:27 of 1st period - Shot by Vincent Trocheck.
2:27 of 1st period - Shot Blocked by Juuso Valimaki.
3:49 of 1st period - Shot by Max Pacioretty.
3:49 of 1st period - Stopped by Martin Jones with a rebound.
4:33 of 1st period - Shot by Ivan Barbashev.
4:33 of 1st period - Stopped by Robin Lehner with a rebound.
6:30 of 1st period - Icing by P.K. Subban.
6:31 of 1st period - Mark Jankowski wins face-off versus Ivan Barbashev in MONTREAL zone.
6:40 of 1st period - Shot by Blake Comeau.
6:40 of 1st period - Stopped by Robin Lehner without a rebound.
6:41 of 1st period - William Nylander wins face-off versus Nino Niederreiter in MONTREAL zone.
6:47 of 1st period - Reilly Smith is hit by Nathan Beaulieu and loses puck.
6:53 of 1st period - Phillip Danault is hit by Ivan Provorov and loses puck.
6:56 of 1st period - Shot by Tomas Tatar.
6:56 of 1st period - Goal by Tomas Tatar - BOSTON : 0 - MONTREAL : 1.
6:57 of 1st period - Vincent Trocheck wins face-off versus Ivan Barbashev in neutral zone.
7:10 of 1st period - Shot by Joel Armia.
7:10 of 1st period - Shot Blocked by Philippe Myers.
7:12 of 1st period - Shot by P.K. Subban.
7:12 of 1st period - Stopped by Martin Jones without a rebound.
7:13 of 1st period - William Nylander wins face-off versus Phillip Danault in BOSTON zone.
7:38 of 1st period - Shot by Reilly Smith.
7:38 of 1st period - Shot Misses the Net.
8:14 of 1st period - Shot by Joel Armia.
8:14 of 1st period - Shot Misses the Net.
9:21 of 1st period - Off-side.
9:22 of 1st period - Alexandre Texier wins face-off versus Mark Jankowski in neutral zone.
9:30 of 1st period - Andrew Mangiapane is hit by Nathan Beaulieu and loses puck.
10:35 of 1st period - Shot by Max Pacioretty.
10:35 of 1st period - Stopped by Martin Jones with a rebound.
10:37 of 1st period - Shot by Nathan MacKinnon.
10:37 of 1st period - Shot Misses the Net.
10:39 of 1st period - Shot by Max Pacioretty.
10:39 of 1st period - Shot Misses the Net.
11:20 of 1st period - Icing by Connor Murphy.
11:21 of 1st period - Ivan Barbashev wins face-off versus Phillip Danault in MONTREAL zone.
11:36 of 1st period - Shot by Ilya Kovalchuk.
11:36 of 1st period - Shot Blocked by Connor Murphy.
11:38 of 1st period - Shot by Ilya Kovalchuk.
11:38 of 1st period - Shot Misses the Net.
11:40 of 1st period - Shot by Ivan Barbashev.
11:40 of 1st period - Stopped by Robin Lehner without a rebound.
11:41 of 1st period - Casey Mittelstadt wins face-off versus Vincent Trocheck in MONTREAL zone.
12:09 of 1st period - Shot by Victor Olofsson.
12:09 of 1st period - Stopped by Robin Lehner with a rebound.
12:45 of 1st period - Icing by Miro Heiskanen.
12:46 of 1st period - Casey Mittelstadt wins face-off versus Nathan MacKinnon in BOSTON zone.
12:46 of 1st period - Casey Mittelstadt is hit by Max Pacioretty.
14:16 of 1st period - Shot by Ivan Barbashev.
14:16 of 1st period - Goal by Ivan Barbashev - BOSTON : 1 - MONTREAL : 1.
14:17 of 1st period - Vincent Trocheck wins face-off versus Alexandre Texier in neutral zone.
14:52 of 1st period - Shot by Vincent Trocheck.
14:52 of 1st period - Shot Blocked by Juuso Valimaki.
14:56 of 1st period - Shot by Roope Hintz.
14:56 of 1st period - Stopped by Martin Jones without a rebound.
14:57 of 1st period - Ivan Barbashev wins face-off versus Nathan MacKinnon in BOSTON zone.
15:12 of 1st period - Shot by Blake Comeau.
15:12 of 1st period - Shot Blocked by Alex Iafallo.
15:14 of 1st period - Shot by Miro Heiskanen.
15:14 of 1st period - Shot Blocked by Max Pacioretty.
15:24 of 1st period - Shot by Ivan Barbashev.
15:24 of 1st period - Shot Misses the Net.
15:26 of 1st period - Shot by Ivan Barbashev.
15:26 of 1st period - Stopped by Robin Lehner with a rebound.
15:28 of 1st period - Shot by Ivan Provorov.
15:28 of 1st period - Stopped by Robin Lehner with a rebound.
15:51 of 1st period - Icing by P.K. Subban.
15:52 of 1st period - William Nylander wins face-off versus Phillip Danault in MONTREAL zone.
16:23 of 1st period - Shot by Tomas Tatar.
16:23 of 1st period - Shot Hit the Post.
16:25 of 1st period - Shot by Phillip Danault.
16:25 of 1st period - Deflect By Nino Niederreiter.
16:25 of 1st period - Shot Misses the Net.
16:27 of 1st period - Shot by Phillip Danault.
16:27 of 1st period - Shot Blocked by Alec Martinez.
17:13 of 1st period - Shot by Victor Olofsson.
17:13 of 1st period - Deflect By Miles Wood.
17:13 of 1st period - Stopped by Robin Lehner without a rebound.
17:14 of 1st period - Nathan MacKinnon wins face-off versus Alexandre Texier in MONTREAL zone.
17:45 of 1st period - Filip Zadina is hit by Erik Gustafsson.
17:48 of 1st period - Icing by Erik Gustafsson.
17:49 of 1st period - Nathan MacKinnon wins face-off versus Ivan Barbashev in MONTREAL zone.
17:56 of 1st period - Shot by Alex Iafallo.
17:56 of 1st period - Deflect By Nathan MacKinnon.
17:56 of 1st period - Stopped by Martin Jones without a rebound.
17:57 of 1st period - William Nylander wins face-off versus Vincent Trocheck in BOSTON zone.
18:23 of 1st period - Keith Yandle is hit by Kevin Fiala.
18:28 of 1st period - Icing by Connor Murphy.
18:29 of 1st period - Ivan Barbashev wins face-off versus Joel Armia in MONTREAL zone.
19:10 of 1st period - Nathan MacKinnon is hit by Ivan Provorov and loses puck.
19:58 of 1st period - Tomas Tatar is hit by Filip Hronek and loses puck.
19:59 of 1st period - Double Minor Penalty to Filip Hronek for Roughing.
Goals for this period are 1 for BOSTON vs 1 for MONTREAL.
Shots for this period are 9 for BOSTON vs 6 for MONTREAL.

2nd period


0:01 of 2nd period - Nathan MacKinnon wins face-off versus Reilly Smith in neutral zone.
0:32 of 2nd period - Shot by Nathan MacKinnon.
0:32 of 2nd period - Shot Blocked by Ivan Provorov.
1:10 of 2nd period - Shot by Phillip Danault.
1:10 of 2nd period - Shot Misses the Net.
1:12 of 2nd period - Shot by Erik Gustafsson.
1:12 of 2nd period - Stopped by Martin Jones without a rebound.
1:13 of 2nd period - Phillip Danault wins face-off versus Reilly Smith in BOSTON zone.
1:21 of 2nd period - Icing by P.K. Subban.
1:22 of 2nd period - Phillip Danault wins face-off versus Reilly Smith in MONTREAL zone.
1:35 of 2nd period - Shot by Phillip Danault.
1:35 of 2nd period - Shot Misses the Net.
1:37 of 2nd period - Shot by P.K. Subban.
1:37 of 2nd period - Shot Misses the Net.
1:54 of 2nd period - Icing by Tony DeAngelo.
1:55 of 2nd period - Reilly Smith wins face-off versus Nathan MacKinnon in MONTREAL zone.
1:57 of 2nd period - William Nylander is hit by Tony DeAngelo and loses puck.
2:27 of 2nd period - Shot by Nathan MacKinnon.
2:27 of 2nd period - Stopped by Martin Jones with a rebound.
2:29 of 2nd period - Shot by Max Pacioretty.
2:29 of 2nd period - Shot Misses the Net.
2:31 of 2nd period - Shot by Tony DeAngelo.
2:31 of 2nd period - Stopped by Martin Jones with a rebound.
2:33 of 2nd period - Shot by Max Pacioretty.
2:33 of 2nd period - Shot Misses the Net.
2:35 of 2nd period - Shot by Max Pacioretty.
2:35 of 2nd period - Stopped by Martin Jones without a rebound.
2:36 of 2nd period - Phillip Danault wins face-off versus Kevin Fiala in BOSTON zone.
3:46 of 2nd period - Shot by Keith Yandle.
3:46 of 2nd period - Stopped by Martin Jones without a rebound.
3:47 of 2nd period - Phillip Danault wins face-off versus Reilly Smith in BOSTON zone.
3:48 of 2nd period - Shot by Roope Hintz.
3:48 of 2nd period - Stopped by Martin Jones without a rebound.
3:49 of 2nd period - Phillip Danault wins face-off versus Reilly Smith in BOSTON zone.
3:54 of 2nd period - Shot by P.K. Subban.
3:54 of 2nd period - Stopped by Martin Jones without a rebound.
3:55 of 2nd period - Reilly Smith wins face-off versus Nathan MacKinnon in BOSTON zone.
3:55 of 2nd period - Reilly Smith is hit by Tomas Tatar.
4:05 of 2nd period - Mark Jankowski is hit by Alexandre Texier.
4:09 of 2nd period - Shot by Andrew Mangiapane.
4:09 of 2nd period - Shot Misses the Net.
4:20 of 2nd period - Alexandre Texier is hit by Erik Gustafsson and loses puck.
4:50 of 2nd period - Blake Comeau is hit by Nathan Beaulieu and loses puck.
5:28 of 2nd period - Shot by Tomas Tatar.
5:28 of 2nd period - Deflect By Phillip Danault.
5:28 of 2nd period - Stopped by Martin Jones without a rebound.
5:29 of 2nd period - William Nylander wins face-off versus Nathan MacKinnon in BOSTON zone.
5:43 of 2nd period - Minor Penalty to Keith Yandle for Hooking.
5:44 of 2nd period - Phillip Danault wins face-off versus William Nylander in MONTREAL zone.
5:56 of 2nd period - Off-side.
5:57 of 2nd period - Phillip Danault wins face-off versus William Nylander in neutral zone.
6:19 of 2nd period - P.K. Subban is hit by Reilly Smith and loses puck.
7:16 of 2nd period - Shot by Filip Hronek.
7:16 of 2nd period - Stopped by Robin Lehner without a rebound.
7:17 of 2nd period - William Nylander wins face-off versus Vincent Trocheck in MONTREAL zone.
7:18 of 2nd period - Shot by Ivan Provorov.
7:18 of 2nd period - Stopped by Robin Lehner without a rebound.
7:19 of 2nd period - Phillip Danault wins face-off versus William Nylander in MONTREAL zone.
7:57 of 2nd period - P.K. Subban is hit by Philippe Myers and loses puck.
8:08 of 2nd period - Joel Armia is hit by Philippe Myers and loses puck.
8:16 of 2nd period - Vincent Trocheck is hit by Juuso Valimaki and loses puck.
8:37 of 2nd period - Filip Hronek is hit by Max Pacioretty and loses puck.
10:14 of 2nd period - Juuso Valimaki is hit by Nino Niederreiter.
10:32 of 2nd period - Shot by William Nylander.
10:32 of 2nd period - Stopped by Robin Lehner without a rebound.
10:33 of 2nd period - Vincent Trocheck wins face-off versus Casey Mittelstadt in MONTREAL zone.
10:33 of 2nd period - Vincent Trocheck is hit by Miles Wood.
10:46 of 2nd period - Shot by Roope Hintz.
10:46 of 2nd period - Stopped by Martin Jones without a rebound.
10:47 of 2nd period - Mark Jankowski wins face-off versus Ivan Barbashev in BOSTON zone.
10:54 of 2nd period - Shot by Brock McGinn.
10:54 of 2nd period - Stopped by Martin Jones without a rebound.
10:55 of 2nd period - Roope Hintz wins face-off versus William Nylander in BOSTON zone.
11:16 of 2nd period - Shot by William Nylander.
11:16 of 2nd period - Shot Misses the Net.
12:01 of 2nd period - Icing by Casey Mittelstadt.
12:02 of 2nd period - Nathan MacKinnon wins face-off versus Casey Mittelstadt in BOSTON zone.
12:08 of 2nd period - Max Pacioretty is hit by Filip Hronek and loses puck.
12:26 of 2nd period - Miles Wood is hit by Connor Murphy.
12:28 of 2nd period - Shot by Filip Hronek.
12:28 of 2nd period - Stopped by Robin Lehner without a rebound.
12:29 of 2nd period - Ivan Barbashev wins face-off versus Phillip Danault in MONTREAL zone.
12:37 of 2nd period - Icing by Phillip Danault.
12:38 of 2nd period - Phillip Danault wins face-off versus William Nylander in MONTREAL zone.
12:38 of 2nd period - Phillip Danault is hit by Kevin Fiala.
13:03 of 2nd period - Shot by Kevin Fiala.
13:03 of 2nd period - Shot Blocked by Erik Gustafsson.
13:46 of 2nd period - Minor Penalty to Max Pacioretty for High sticking.
13:47 of 2nd period - Phillip Danault wins face-off versus Ivan Barbashev in MONTREAL zone.
14:10 of 2nd period - Shot by Ilya Kovalchuk.
14:10 of 2nd period - Shot Misses the Net.
14:37 of 2nd period - Icing by Miro Heiskanen.
14:38 of 2nd period - Phillip Danault wins face-off versus Nicolas Roy in BOSTON zone.
14:51 of 2nd period - Shot by Miro Heiskanen.
14:51 of 2nd period - Stopped by Robin Lehner with a rebound.
15:21 of 2nd period - Shot by William Nylander.
15:21 of 2nd period - Stopped by Robin Lehner without a rebound.
15:22 of 2nd period - Ivan Barbashev wins face-off versus Vincent Trocheck in MONTREAL zone.
15:33 of 2nd period - Shot by Ilya Kovalchuk.
15:33 of 2nd period - Stopped by Robin Lehner without a rebound.
15:34 of 2nd period - Phillip Danault wins face-off versus William Nylander in MONTREAL zone.
15:55 of 2nd period - Shot by Nathan MacKinnon.
15:55 of 2nd period - Shot Blocked by Juuso Valimaki.
15:57 of 2nd period - Shot by Tony DeAngelo.
15:57 of 2nd period - Stopped by Martin Jones without a rebound.
15:58 of 2nd period - Ivan Barbashev wins face-off versus Vincent Trocheck in BOSTON zone.
15:58 of 2nd period - Ivan Barbashev is hit by Vincent Trocheck.
16:03 of 2nd period - Philippe Myers is hit by Connor Murphy and loses puck.
16:07 of 2nd period - Icing by Connor Murphy.
16:08 of 2nd period - Vincent Trocheck wins face-off versus William Nylander in MONTREAL zone.
16:10 of 2nd period - Minor Penalty to Kevin Fiala for Holding.
16:11 of 2nd period - Reilly Smith wins face-off versus Nathan MacKinnon in BOSTON zone.
16:26 of 2nd period - Shot by Nathan MacKinnon.
16:26 of 2nd period - Stopped by Martin Jones without a rebound.
16:27 of 2nd period - Phillip Danault wins face-off versus Reilly Smith in BOSTON zone.
16:30 of 2nd period - Shot by Phillip Danault.
16:30 of 2nd period - Shot Blocked by Miro Heiskanen.
16:40 of 2nd period - Shot by P.K. Subban.
16:40 of 2nd period - Shot Misses the Net.
16:42 of 2nd period - Shot by Phillip Danault.
16:42 of 2nd period - Deflect By Roope Hintz.
16:42 of 2nd period - Shot Blocked by Miro Heiskanen.
16:54 of 2nd period - Shot by Phillip Danault.
16:54 of 2nd period - Deflect By Vincent Trocheck.
16:54 of 2nd period - Stopped by Martin Jones without a rebound.
16:55 of 2nd period - Reilly Smith wins face-off versus Nathan MacKinnon in BOSTON zone.
17:56 of 2nd period - Shot by Phillip Danault.
17:56 of 2nd period - Deflect By Vincent Trocheck.
17:56 of 2nd period - Shot Misses the Net.
17:58 of 2nd period - Shot by P.K. Subban.
17:58 of 2nd period - Shot Misses the Net.
18:53 of 2nd period - Juuso Valimaki is hit by Vincent Trocheck.
19:11 of 2nd period - Shot by Vincent Trocheck.
19:11 of 2nd period - Stopped by Martin Jones with a rebound.
19:34 of 2nd period - Shot by Nathan MacKinnon.
19:34 of 2nd period - Shot Misses the Net.
19:46 of 2nd period - Shot by Nathan MacKinnon.
19:46 of 2nd period - Shot Blocked by Blake Comeau.
Goals for this period are 0 for BOSTON vs 0 for MONTREAL.
Shots for this period are 7 for BOSTON vs 14 for MONTREAL.

3rd period


0:01 of 3rd period - William Nylander wins face-off versus Phillip Danault in neutral zone.
0:33 of 3rd period - Shot by Tomas Tatar.
0:33 of 3rd period - Shot Misses the Net.
0:36 of 3rd period - Icing by Ivan Provorov.
0:37 of 3rd period - Nathan MacKinnon wins face-off versus William Nylander in BOSTON zone.
0:42 of 3rd period - Shot by Max Pacioretty.
0:42 of 3rd period - Stopped by Martin Jones with a rebound.
1:07 of 3rd period - Nathan MacKinnon is hit by Filip Hronek and loses puck.
1:50 of 3rd period - Shot by Roope Hintz.
1:50 of 3rd period - Shot Blocked by Philippe Myers.
1:52 of 3rd period - Shot by Erik Gustafsson.
1:52 of 3rd period - Shot Misses the Net.
1:54 of 3rd period - Shot by Roope Hintz.
1:54 of 3rd period - Stopped by Martin Jones without a rebound.
1:55 of 3rd period - Phillip Danault wins face-off versus Alexandre Texier in BOSTON zone.
3:04 of 3rd period - Shot by Reilly Smith.
3:04 of 3rd period - Shot Blocked by P.K. Subban.
3:06 of 3rd period - Shot by Ivan Provorov.
3:06 of 3rd period - Shot Blocked by P.K. Subban.
3:08 of 3rd period - Shot by Ivan Provorov.
3:08 of 3rd period - Stopped by Robin Lehner without a rebound.
3:09 of 3rd period - Ivan Barbashev wins face-off versus Alex Iafallo in MONTREAL zone.
3:09 of 3rd period - Ivan Barbashev is hit by Connor Murphy.
3:17 of 3rd period - Shot by Ilya Kovalchuk.
3:17 of 3rd period - Shot Blocked by Connor Murphy.
3:19 of 3rd period - Shot by Ivan Barbashev.
3:19 of 3rd period - Shot Blocked by Keith Yandle.
3:49 of 3rd period - Shot by Ivan Barbashev.
3:49 of 3rd period - Shot Misses the Net.
3:58 of 3rd period - Minor Penalty to Max Pacioretty for Hooking.
3:59 of 3rd period - Phillip Danault wins face-off versus Kevin Fiala in MONTREAL zone.
3:59 of 3rd period - Phillip Danault is hit by Reilly Smith.
4:23 of 3rd period - Shot by Miro Heiskanen.
4:23 of 3rd period - Shot Misses the Net.
4:25 of 3rd period - Shot by Miro Heiskanen.
4:25 of 3rd period - Deflect By Kevin Fiala.
4:25 of 3rd period - Stopped by Robin Lehner without a rebound.
4:26 of 3rd period - Phillip Danault wins face-off versus William Nylander in MONTREAL zone.
4:43 of 3rd period - Shot by William Nylander.
4:43 of 3rd period - Shot Blocked by Brock McGinn.
4:45 of 3rd period - Shot by William Nylander.
4:45 of 3rd period - Stopped by Robin Lehner without a rebound.
4:46 of 3rd period - Ivan Barbashev wins face-off versus Vincent Trocheck in MONTREAL zone.
6:03 of 3rd period - Shot by Victor Olofsson.
6:03 of 3rd period - Stopped by Robin Lehner without a rebound.
6:04 of 3rd period - Casey Mittelstadt wins face-off versus Nathan MacKinnon in MONTREAL zone.
6:09 of 3rd period - Shot by Victor Olofsson.
6:09 of 3rd period - Shot Misses the Net.
6:16 of 3rd period - Miles Wood is hit by P.K. Subban and loses puck.
6:20 of 3rd period - Icing by Tony DeAngelo.
6:21 of 3rd period - Alexandre Texier wins face-off versus Nathan MacKinnon in MONTREAL zone.
6:57 of 3rd period - Minor Penalty to Vincent Trocheck for Hooking.
6:58 of 3rd period - Phillip Danault wins face-off versus William Nylander in MONTREAL zone.
7:07 of 3rd period - Shot by Ivan Provorov.
7:07 of 3rd period - Stopped by Robin Lehner without a rebound.
7:08 of 3rd period - William Nylander wins face-off versus Phillip Danault in MONTREAL zone.
7:25 of 3rd period - Shot by Kevin Fiala.
7:25 of 3rd period - Shot Misses the Net.
7:27 of 3rd period - Shot by Ivan Provorov.
7:27 of 3rd period - Stopped by Robin Lehner without a rebound.
7:28 of 3rd period - Ivan Barbashev wins face-off versus Brock McGinn in MONTREAL zone.
7:45 of 3rd period - Shot by Ilya Kovalchuk.
7:45 of 3rd period - Shot Misses the Net.
7:59 of 3rd period - Shot by Filip Hronek.
7:59 of 3rd period - Stopped by Robin Lehner without a rebound.
8:00 of 3rd period - Phillip Danault wins face-off versus William Nylander in MONTREAL zone.
8:19 of 3rd period - Shot by William Nylander.
8:19 of 3rd period - Stopped by Robin Lehner without a rebound.
8:20 of 3rd period - Ivan Barbashev wins face-off versus Mark Jankowski in MONTREAL zone.
8:25 of 3rd period - Shot by Blake Comeau.
8:25 of 3rd period - Stopped by Robin Lehner without a rebound.
8:26 of 3rd period - William Nylander wins face-off versus Phillip Danault in MONTREAL zone.
8:36 of 3rd period - Icing by Reilly Smith.
8:37 of 3rd period - William Nylander wins face-off versus Phillip Danault in BOSTON zone.
9:07 of 3rd period - Icing by Ilya Kovalchuk.
9:08 of 3rd period - Vincent Trocheck wins face-off versus Ilya Kovalchuk in BOSTON zone.
9:08 of 3rd period - P.K. Subban is hit by Philippe Myers and loses puck.
9:11 of 3rd period - Shot by Joel Armia.
9:11 of 3rd period - Stopped by Martin Jones without a rebound.
9:12 of 3rd period - Nathan MacKinnon wins face-off versus Ivan Barbashev in BOSTON zone.
10:06 of 3rd period - William Nylander is hit by P.K. Subban and loses puck.
10:12 of 3rd period - Icing by Tony DeAngelo.
10:13 of 3rd period - Casey Mittelstadt wins face-off versus Nathan MacKinnon in MONTREAL zone.
10:13 of 3rd period - Filip Hronek is hit by P.K. Subban and loses puck.
10:28 of 3rd period - Icing by Alec Martinez.
10:29 of 3rd period - Phillip Danault wins face-off versus Victor Olofsson in BOSTON zone.
10:46 of 3rd period - Shot by Miles Wood.
10:46 of 3rd period - Deflect By Casey Mittelstadt.
10:46 of 3rd period - Shot Misses the Net.
10:48 of 3rd period - Shot by Casey Mittelstadt.
10:48 of 3rd period - Goal by Casey Mittelstadt - BOSTON : 2 - MONTREAL : 1.
10:49 of 3rd period - Vincent Trocheck wins face-off versus Reilly Smith in neutral zone.
11:20 of 3rd period - Shot by Vincent Trocheck.
11:20 of 3rd period - Shot Misses the Net.
11:41 of 3rd period - Kevin Fiala is hit by Keith Yandle and loses puck.
12:33 of 3rd period - Philippe Myers is hit by Tony DeAngelo and loses puck.
13:05 of 3rd period - Off-side.
13:06 of 3rd period - Andrew Mangiapane wins face-off versus Vincent Trocheck in neutral zone.
13:08 of 3rd period - Miro Heiskanen is hit by Nathan Beaulieu and loses puck.
13:23 of 3rd period - Shot by Vincent Trocheck.
13:23 of 3rd period - Shot Misses the Net.
13:25 of 3rd period - Shot by Joel Armia.
13:25 of 3rd period - Shot Blocked by Ivan Provorov.
13:30 of 3rd period - Vincent Trocheck is hit by Miro Heiskanen and loses puck.
13:43 of 3rd period - Shot by Vincent Trocheck.
13:43 of 3rd period - Stopped by Martin Jones without a rebound.
13:44 of 3rd period - William Nylander wins face-off versus Phillip Danault in BOSTON zone.
14:23 of 3rd period - Shot by William Nylander.
14:23 of 3rd period - Stopped by Robin Lehner without a rebound.
14:24 of 3rd period - Ivan Barbashev wins face-off versus Alex Iafallo in MONTREAL zone.
14:24 of 3rd period - Ivan Barbashev is hit by P.K. Subban.
14:35 of 3rd period - Blake Comeau is hit by P.K. Subban and loses puck.
14:49 of 3rd period - Philippe Myers is hit by Max Pacioretty and loses puck.
15:29 of 3rd period - Icing by Joel Armia.
15:30 of 3rd period - William Nylander wins face-off versus Vincent Trocheck in MONTREAL zone.
15:37 of 3rd period - Shot by Kevin Fiala.
15:37 of 3rd period - Shot Misses the Net.
15:39 of 3rd period - Shot by William Nylander.
15:39 of 3rd period - Stopped by Robin Lehner without a rebound.
15:40 of 3rd period - Casey Mittelstadt wins face-off versus Phillip Danault in MONTREAL zone.
15:40 of 3rd period - Miro Heiskanen is hit by Keith Yandle.
15:46 of 3rd period - Shot by Casey Mittelstadt.
15:46 of 3rd period - Shot Misses the Net.
16:06 of 3rd period - Shot by Casey Mittelstadt.
16:06 of 3rd period - Stopped by Robin Lehner without a rebound.
16:07 of 3rd period - William Nylander wins face-off versus Nathan MacKinnon in MONTREAL zone.
16:14 of 3rd period - Shot by Kevin Fiala.
16:14 of 3rd period - Shot Misses the Net.
16:16 of 3rd period - Shot by Kevin Fiala.
16:16 of 3rd period - Shot Blocked by Nathan MacKinnon.
16:23 of 3rd period - P.K. Subban is hit by Filip Hronek and loses puck.
16:43 of 3rd period - Minor Penalty to Max Pacioretty for Hooking.
16:44 of 3rd period - Ivan Barbashev wins face-off versus Phillip Danault in MONTREAL zone.
16:57 of 3rd period - Shot by Ivan Provorov.
16:57 of 3rd period - Shot Misses the Net.
17:05 of 3rd period - Shot by Miro Heiskanen.
17:05 of 3rd period - Shot Blocked by Erik Gustafsson.
17:29 of 3rd period - Vincent Trocheck is hit by Ilya Kovalchuk and loses puck.
18:01 of 3rd period - Shot by Reilly Smith.
18:01 of 3rd period - Shot Blocked by Wayne Simmonds.
18:31 of 3rd period - Shot by Ivan Barbashev.
18:31 of 3rd period - Deflect By Ilya Kovalchuk.
18:31 of 3rd period - Shot Misses the Net.
18:33 of 3rd period - Shot by Ivan Provorov.
18:33 of 3rd period - Stopped by Robin Lehner with a rebound.
18:35 of 3rd period - Shot by Miro Heiskanen.
18:35 of 3rd period - Stopped by Robin Lehner without a rebound.
18:36 of 3rd period - Mark Jankowski wins face-off versus William Nylander in MONTREAL zone.
18:42 of 3rd period - Icing by Reilly Smith.
18:43 of 3rd period - Vincent Trocheck wins face-off versus Casey Mittelstadt in BOSTON zone.
18:43 of 3rd period - Vincent Trocheck is hit by Philippe Myers.
18:50 of 3rd period - Roope Hintz is hit by Philippe Myers and loses puck.
19:04 of 3rd period - MONTREAL, Robin Lehner is pulled from the net.
19:08 of 3rd period - Shot by Roope Hintz.
19:08 of 3rd period - Stopped by Martin Jones without a rebound.
19:09 of 3rd period - William Nylander wins face-off versus Nathan MacKinnon in BOSTON zone.
19:16 of 3rd period - Shot by Reilly Smith.
19:16 of 3rd period - Goal by Reilly Smith - BOSTON : 3 - MONTREAL : 1.
19:16 of 3rd period - Robin Lehner from MONTREAL was sent back in the game.
19:17 of 3rd period - Alexandre Texier wins face-off versus Nathan MacKinnon in neutral zone.
19:30 of 3rd period - Filip Hronek is hit by Max Pacioretty and loses puck.
19:35 of 3rd period - Shot by Nathan MacKinnon.
19:35 of 3rd period - Stopped by Martin Jones without a rebound.
19:36 of 3rd period - Phillip Danault wins face-off versus William Nylander in BOSTON zone.
19:53 of 3rd period - Shot by Tomas Tatar.
19:53 of 3rd period - Stopped by Martin Jones without a rebound.
19:54 of 3rd period - Vincent Trocheck wins face-off versus Casey Mittelstadt in BOSTON zone.
19:57 of 3rd period - Shot by Joel Armia.
19:57 of 3rd period - Shot Misses the Net.
Goals for this period are 2 for BOSTON vs 0 for MONTREAL.
Shots for this period are 16 for BOSTON vs 7 for MONTREAL.